[Event "ICC tourney 2329 (3 2)"]
[Site "Internet Chess Club"]
[Date "2021.01.23"]
[Round "11"]
[White "woochess"]
[Black "TjkTiger"]
[Result "1-0"]
[ICCResult "Black resigns"]
[WhiteElo "2595"]
[BlackElo "2597"]
[Opening "King's Indian, 3.Nf3"]
[ECO "E60"]
[NIC "QP.06"]
[Time "00:19:22"]
[PlyCount "87"]
[TimeControl "180+2"]

1. d4 Nf6 2. Nf3 g6 3. c4 d6 4. Nc3 Bf5 5. b3 Bg7 6. Bb2 O-O 7. g3 Nc6 8.
Bg2 e5 9. dxe5 dxe5 10. O-O Qe7 11. Qc1 Nd4 12. Nh4 Bc8 13. e3 Ne6 14. Nd5
Nxd5 15. cxd5 Nc5 16. Ba3 b6 17. d6 cxd6 18. Bxa8 e4 19. Bxc5 dxc5 20. Qc4
Bxa1 21. Rxa1 Re8 22. Bc6 Be6 23. Qxe4 Rd8 24. Ng2 Qf6 25. Re1 Bf5 26. Qh4
g5 27. Qh5 Rd2 28. Qf3 Qe5 29. e4 Bh3 30. Ne3 Rd6 31. Bd5 Rf6 32. Ng4 Bxg4
33. Qxg4 Kh8 34. Kg2 h6 35. Re2 b5 36. Qc8+ Kg7 37. Qxc5 a6 38. Rd2 g4 39.
Qd4 Qh5 40. e5 Qh3+ 41. Kg1 Rf5 42. e6+ f6 43. e7 Re5 44. Qxe5 { Black
resigns } 1-0

[Event "ICC tourney 2329 (3 2)"]
[Site "Internet Chess Club"]
[Date "2021.01.23"]
[Round "11"]
[White "ConnorGo"]
[Black "al68067"]
[Result "0-1"]
[ICCResult "White checkmated"]
[WhiteElo "1145"]
[BlackElo "1155"]
[Opening "Scandinavian (center counter) defense"]
[ECO "B01"]
[NIC "VO.17"]
[Time "00:19:01"]
[PlyCount "132"]
[TimeControl "180+2"]

1. e4 d5 2. exd5 Qxd5 3. Nf3 Bg4 4. Nc3 Qa5 5. Be2 Nf6 6. O-O e6 7. h3 Bh5
8. Nh2 Nbd7 9. Bxh5 Qxh5 10. Qxh5 Nxh5 11. d4 Bd6 12. Ne4 Nhf6 13. Nxd6+
cxd6 14. c3 O-O 15. f3 Rac8 16. Ng4 Nxg4 17. fxg4 Nf6 18. Bf4 d5 19. Bd6
Rfd8 20. Be5 Ne4 21. a4 h6 22. Ra3 Rc6 23. Rb3 b6 24. a5 Rdc8 25. axb6 Rxb6
26. Ra3 Rb7 27. Rfa1 Rxb2 28. Rxa7 Rxc3 29. Rf1 Rcc2 30. Rfxf7 Rxg2+ 31.
Kh1 Ng3+ 32. Bxg3 Rxg3 33. Rxg7+ Kf8 34. Raf7+ Ke8 35. Re7+ Kf8 36. Rgf7+
Kg8 37. Rg7+ Kf8 38. Ref7+ Ke8 39. Rf1 Rxh3+ 40. Kg1 Rhh2 41. Rg8+ Kd7 42.
Rf7+ Kc6 43. Rc8+ Kb5 44. Rb7+ Ka6 45. Rxb2 Rxb2 46. Rc6+ Kb5 47. Rxe6 Rb4
48. Rxh6 Rxd4 49. Rg6 Re4 50. Kf2 Kc4 51. Kf3 Re7 52. g5 d4 53. Rf6 d3 54.
g6 d2 55. Rf4+ Kc3 56. Rf7 d1=Q+ 57. Kg3 Rxf7 58. gxf7 Qd8 59. f8=Q Qxf8
60. Kg4 Kd4 61. Kg5 Ke5 62. Kg6 Ke6 63. Kh7 Qf2 64. Kh8 Kf7 65. Kh7 Qg2 66.
Kh6 Qg6# { White checkmated } 0-1

[Event "ICC tourney 2329 (3 2)"]
[Site "Internet Chess Club"]
[Date "2021.01.23"]
[Round "11"]
[White "Purushottam123"]
[Black "Ben2008"]
[Result "1-0"]
[ICCResult "Black resigns"]
[WhiteElo "1700"]
[BlackElo "1900"]
[Opening "Sicilian: Scheveningen (Paulsen), classical variation"]
[ECO "B85"]
[NIC "SI.23"]
[Time "00:18:57"]
[PlyCount "127"]
[TimeControl "180+2"]

1. e4 c5 2. Nf3 d6 3. d4 cxd4 4. Nxd4 Nf6 5. Nc3 a6 6. Be2 e6 7. O-O Be7 8.
Be3 O-O 9. f4 Nbd7 10. Kh1 Nc5 11. Bf3 Qc7 12. Qd2 Rb8 13. e5 dxe5 14. f5
exd4 15. Bxd4 exf5 16. Rfe1 b5 17. Be5 Qd8 18. Qxd8 Rxd8 19. Bxb8 Be6 20.
Bc7 Rd2 21. Rac1 h6 22. Bf4 Rd8 23. Rcd1 Rc8 24. Nd5 Nxd5 25. Bxd5 Bf6 26.
Bxe6 Nxe6 27. Be5 Bxe5 28. Rxe5 Rxc2 29. Rb1 f4 30. a4 bxa4 31. Ra5 Nc5 32.
Rd1 Ne4 33. Rf1 Rxb2 34. Rxa4 Nf2+ 35. Kg1 Nd3 36. Rxa6 Kh7 37. Rd6 Rb3 38.
h3 g5 39. Kh2 Ne5 40. Re1 Rb5 41. Rd4 f3 42. Rde4 f2 43. Rf1 Nd3 44. Re3
Rd5 45. Kg3 Kg6 46. Rd1 Ne1 47. Rexe1 fxe1=Q+ 48. Rxe1 Rd3+ 49. Kf2 f5 50.
Re6+ Kh5 51. Rf6 f4 52. Ke2 Rg3 53. Kf2 Rb3 54. Ke2 Rb2+ 55. Kf3 Rb1 56.
Kf2 Rb2+ 57. Kf3 Rb1 58. Kf2 Rh1 59. Kf3 Rh2 60. Kf2 g4 61. Kg1 g3 62. Rxf4
Kg5 63. Rg4+ Kf5 64. Rxg3 { Black resigns } 1-0